 Dungeon Crawl Stone Soup version 0.21.1-1-g345015f (webtiles) character file.

75 xccam the Chopper (level 4, -3/35 HPs)
             Began as a Demonspawn Abyssal Knight on Feb 12, 2018.
             Was a Believer of Lugonu.
             Slain by Natasha (7 damage)
             ... on level 2 of the Dungeon.
             The game lasted 00:07:51 (1515 turns).

xccam the Chopper (Demonspawn Abyssal Knight)       Turns: 1515, Time: 00:07:52

Health: -3/35      AC:  7    Str: 16 (18) XL:     4   Next: 11%
Magic:  5/5        EV:  9    Int: 17 (19) God:    Lugonu [**....]
Gold:   60         SH:  0    Dex:  9 (12) Spells: 3/3 levels left

rFire    . . .     SeeInvis .   a - +1 hand axe
rCold    . . .     Gourm    .   (no shield)
rNeg     . . .     Faith    .   e - +1 scale mail
rPois    .         Spirit   .   (no helmet)
rElec    .         Reflect  .   (no cloak)
rCorr    .         Harm     +   (no gloves)
MR       .....                  (no boots)
Stlth    ..........             b - amulet of harm
HPRegen  0.11/turn              m - ring of flight
MPRegen  0.09/turn              (no ring)

@: mighty, brilliant, slowed, very slow
A: claws 1, talons 1
a: Depart the Abyss, Bend Space, Renounce Religion, Evoke Flight


You were on level 2 of the Dungeon.
You worshipped Lugonu.
Lugonu was pleased with you.
You were very hungry.

You visited 1 branch of the dungeon, and saw 2 of its levels.
You visited the Abyss 1 time.

You collected 60 gold pieces.

Inventory:

Hand Weapons
 a - a +1 hand axe (weapon)
Armour
 e - a +1 scale mail (worn)
Jewellery
 b - an amulet of harm (around neck)
 m - a ring of flight (left claw)
Scrolls
 i - 2 scrolls of magic mapping
 k - a scroll of remove curse
 l - a scroll of fog
Potions
 d - a potion of cancellation
 f - a potion of haste
Comestibles
 c - 6 rations


   Skills:
 - Level 3.0 Fighting
 - Level 3.1 Axes
 - Level 1.7 Armour
 - Level 0.8 Dodging
 * Level 2.2 Unarmed Combat
 - Level 2.4 Invocations


You had 3 spell levels left.
You didn't know any spells.

Dungeon Overview and Level Annotations

Branches:
Dungeon (2/15)

Altars:
Hepliaklqana
Uskayaw
Xom

Annotations:
D:2 Natasha


Innate Abilities, Weirdness & Mutations

You have sharp fingernails.
You have sharp toenails.


Message History

Natasha stares at you and mumbles some strange words.
You resist with some effort.
It was a potion of brilliance.
You feel clever all of a sudden. Natasha casts a spell at you.
You feel yourself slow down.
Okay, then.
As you read the scroll labeled TIURRA TACWIDD, it crumbles to dust.
The creatures around you are filled with an inner flame!
It was a scroll of immolation.
Natasha claws you.
* * * LOW HITPOINT WARNING * * *
Natasha mumbles some strange words.
Natasha casts a spell at you. The magic dart hits you!
* * * LOW HITPOINT WARNING * * *
The crimson imp shouts, "Decamp, thou warped spur-galled bladder!"
You see here a potion of haste.
f - a potion of haste Natasha claws you.
You die...

.#.###......###............
....##.#####...............
..#.....# #.######.######
#..)##..# #.# #.#
........####.# #.#
##.####......# #.# #.#
######## #.# #.#
#...######.# #.#
#....5h@>..# #..
......######## ### #####


You could see Natasha (inner flame) and a crimson imp.

Vanquished Creatures
  A howler monkey skeleton (D:2)
  An adder (D:2)
  An ooze (D:1)
  2 worms (D:2)
  A dart slug (D:1)
  5 bats
  2 giant cockroaches
  8 goblins
  6 hobgoblins
  4 jackals (D:2)
  A kobold (D:2)
  A quokka (D:2)
  4 frilled lizards
  5 rats
42 creatures vanquished.

Notes
Turn   | Place    | Note
-------+----------+-------------------------------------------
     0 | Abyss:1  | xccam the Demonspawn Abyssal Knight began the quest for the Orb.
     0 | Abyss:1  | Reached XP level 1. HP: 18/18 MP: 2/2
     6 | Abyss:1  | Found a corrupted altar of Lugonu.
   109 | Abyss:1  | Noticed a large abomination
   110 | Abyss:1  | Noticed a small abomination
   129 | D:1      | Escaped the Abyss
   325 | D:1      | Gained mutation: You have sharp toenails. [demonic ancestry]
   325 | D:1      | Reached XP level 2. HP: 18/24 MP: 3/3
   569 | D:1      | Reached skill level 1 in Unarmed Combat
   758 | D:2      | Reached XP level 3. HP: 24/29 MP: 4/4
   785 | D:2      | Found a hide-covered altar of Uskayaw.
   794 | D:2      | Reached ** piety under Lugonu
  1155 | D:2      | Gained mutation: You have sharp fingernails. [demonic ancestry]
  1155 | D:2      | Reached XP level 4. HP: 33/35 MP: 5/5
  1317 | D:2      | Found a hazy altar of Hepliaklqana.
  1318 | D:2      | Found a shimmering altar of Xom.
  1318 | D:2      | Noticed a hell beast
  1319 | D:2      | Noticed a spectral ugly thing
  1319 | D:2      | Noticed a hell beast
  1489 | D:2      | Noticed Natasha
  1515 | D:2      | Slain by Natasha

Skill      XL: |  1  2  3 |
---------------+----------+-----
Axes           | 2 3 |  3.1
Unarmed Combat | 1 2 |  2.2
Fighting       | |  3.0
Armour         | |  1.7
Dodging        | |  0.8
Invocations    | |  2.4

Action                   |  1- 3 |  4- 6 || total
-------------------------+-------+-------++-------
Melee: Hand axe          |   109 |    41 ||   150
       Kick              |    17 |     4 ||    21
  Use: Scroll            |     6 |     2 ||     8
       Potion            |       |     3 ||     3
  Eat: Chunk             |     1 |       ||     1
Armor: Scale mail        |    55 |    15 ||    70
Dodge: Dodged            |    55 |    17 ||    72
